 Dungeon Crawl Stone Soup version 0.17-a0-995-gb5fa8d7 (webtiles) character file.

27 inmateoo the Vexing (level 2, 0/11 HPs)
             Began as a Felid Enchanter on May 12, 2015.
             Slain by a kobold
             ... wielding a +0 whip
              (4 damage)
             ... on level 2 of the Dungeon.
             The game lasted 00:01:17 (1120 turns).

inmateoo the Vexing (Felid Enchanter)               Turns: 1120, Time: 00:01:17

Health: 0/11       AC:  1    Str:  4    XL:     2   Next: 93%
Magic:  6/6        EV: 18    Int: 16    God:
Gold:   60         SH:  0    Dex: 16    Spells: 2 memorised, 2 levels left
                                        Lives:  0   Deaths: 0

rFire  . . .     SeeInvis +       - Unarmed
rCold  . . .     Clarity  .     (armour unavailable)
rNeg   . . .     SustAb   .     (shield unavailable)
rPois  .         Gourm    .     (helmet unavailable)
rElec  .         Spirit   .     (cloak unavailable)
rCorr  .         Warding  .     (gloves unavailable)
rMut   .         Stasis   .     (boots unavailable)
MR     .....                    (no amulet)
Stlth  +++.......               (no ring)
                                (no ring)

@: quick, not resistant to hostile enchantments, fairly stealthy
A: no armour, no weapons or thrown items, claws 1, fangs 3, see invisible,
carnivore 3, speed 1, shaggy fur 1, slow metabolism 1, sharp paws
a: no special abilities


You were on level 2 of the Dungeon.
You were completely stuffed.

You visited 1 branch of the dungeon, and saw 2 of its levels.

You collected 60 gold pieces.

Inventory:

Scrolls
 c - a scroll of identify {unknown}
 d - 2 scrolls of remove curse {unknown}
 e - a scroll of noise {unknown}
Potions
 f - a potion of curing {unknown}
Books
 a - a book of Maledictions

   Spells                             Type                      Level
   a - Corona                         Hexes                        1
   b - Ensorcelled Hibernation        Hexes/Ice                    2
   c - Confuse                        Hexes                        3
   d - Tukima's Dance                 Hexes                        3
   e - Dazzling Spray                 Conjuration/Hexes            3
Comestibles
 b - a meat ration


   Skills:
 + Level 3.0 Dodging
 + Level 4.2 Stealth
 + Level 1.6 Unarmed Combat
 + Level 2.2 Spellcasting
 * Level 5.0 Hexes


You had 2 spell levels left.
You knew the following spells:

 Your Spells              Type           Power        Failure   Level  Hunger
a - Corona                Hex            ###....      2%          1    #......
b - Ensorcelled Hibernat  Hex/Ice        #.....       12%         2    ###....


Dungeon Overview and Level Annotations

Branches:
Dungeon (2/15)

Altars:


Innate Abilities, Weirdness & Mutations

You cannot wear armour.
You are incapable of wielding weapons or throwing items.
You have sharp claws.
You have razor-sharp teeth.
You have supernaturally acute eyesight.
You are carnivorous and can eat meat at any time.
You cover ground quickly.
You are covered in fur (AC +1).
You have a slow metabolism.
Your sharp claws are effective at attacking unaware monsters.


Message History

Eat a chunk of flesh? (ye/n/q/i?) This raw flesh tastes great.
You continue eating. x2
You now have 60 gold pieces (gained 16).
You found a teleport trap!
e - a scroll labeled SYALUA WEFI
Found a stone staircase leading down.
No target in view!
f - a lumpy brown potion A kobold comes into view.
It is wielding a whip.
A kobold is nearby!
A kobold is nearby!
A kobold is nearby!
The kobold shouts!
You closely miss the kobold. The kobold hits you but does no damage.
You closely miss the kobold. The kobold hits you with a whip.
Ouch! That really hurt!
You scratch the kobold but do no damage.
The kobold hits you with a whip.
You die...

...# #. #.#.# #.# #.....
#.# ...... #.# #.... ....
####.##... .... ##
#......K# ..... ... ...
##.....@.# ..#.# #..
...#.......##....... #.#
.>.........# ........###.#
...#......##..........#>##
##.........# #...%.
..............## #####...
######.......#####
#.....#.
#...........####^....#.
##########.....#.....#.


You could see a kobold.

Vanquished Creatures
  An adder (D:2)
  3 goblins (D:1)
  3 hobgoblins (D:1)
  2 jackals (D:1)
  2 kobolds (D:1)
  3 bats (D:1)
  2 giant newts (D:1)
  A rat (D:1)
17 creatures vanquished.

Notes
Turn   | Place    | Note
--------------------------------------------------------------
     0 | D:1      | inmateoo the Felid Enchanter began the quest for the Orb.
     0 | D:1      | Reached XP level 1. HP: 7/7 MP: 4/4
   643 | D:1      | Reached XP level 2. HP: 11/11 MP: 6/6
   647 | D:1      | Learned a level 2 spell: Ensorcelled Hibernation
  1080 | D:2      | Reached skill level 5 in Hexes
  1120 | D:2      | Slain by a kobold

Vault maps used:
D:1:      dpeg_arrival_central
D:2:      first_bread, elyvilon_altar_5

Action                   || total
-------------------------++-------
Melee: Unarmed           ||    32
 Cast: Corona            ||     2
 Stab: Sleeping          ||     7
  Eat: Chunk             ||     8
